TOP OF THE 1ST |
Cleveland (APP) Indians batting - Pitching for Texas (APP) Rangers : RHP Bobby Scott
|
Pitching: RHP Bobby Scott
|
|
Batting: RHB Quan Tai
|
0-0: Called Strike 0-1: Ground out 5-3 (Groundball, 5S, EV 64.4 MPH)
|
Batting: RHB Xavier Bartolani
|
0-0: Ball 1-0: Called Strike 1-1: Ball 2-1: Swinging Strike 2-2: Foul Ball, location: 2F 2-2: Ball 3-2: Base on Balls
|
Batting: SHB Jack Tierney
|
0-0: Foul Ball, location: 2F 0-1: Ball 1-1: 2-RUN HOME RUN (Flyball, 9D, EV 100.0 MPH), Distance : 364 ft
|
Batting: RHB Makoto Narita
|
0-0: Foul Ball, location: 2F 0-1: Ball 1-1: Swinging Strike 1-2: Ball 2-2: Strikes out looking
|
Batting: SHB Jay Rook
|
0-0: Ball 1-0: Foul Ball, location: 2F 1-1: Called Strike 1-2: Foul Ball, location: 2F 1-2: Ball 2-2: Ground out 6-3 (Groundball, P, EV 87.5 MPH)
|
Top of the 1st over - 2 runs, 1 hit, 0 errors, 0 left on base; Cleveland (APP) 2 - Texas (APP) 0 |
BOTTOM OF THE 1ST |
Texas (APP) Rangers batting - Pitching for Cleveland (APP) Indians : LHP Eddy Gonzalez
|
Pitching: LHP Eddy Gonzalez
|
|
Batting: SHB Tim Rogers
|
0-0: Ball 1-0: Ball 2-0: Ball 3-0: Called Strike 3-1: Foul Ball, location: 2F 3-2: SINGLE (Groundball, 6D, EV 100.0 MPH)
|
Batting: RHB Robert Topete
|
0-0: Ball 1-0: Ball 2-0: Foul Ball, location: 2F 2-1: Swinging Strike 2-2: 2-RUN HOME RUN (Flyball, 7D, EV 95.6 MPH), Distance : 386 ft
|
Batting: RHB Jerry Foster
|
0-0: Ball 1-0: Ball 2-0: Ball 3-0: Called Strike 3-1: Foul Ball, location: 2F 3-2: Strikes out swinging
|
Batting: RHB Evan Fry
|
0-0: Ball 1-0: Ball 2-0: Fly out, F4 (Popup, 4S, EV 75.0 MPH)
|
Batting: LHB Alex Rivera
|
0-0: Ball 1-0: Called Strike 1-1: Ball 2-1: Ball 3-1: Base on Balls
|
Batting: RHB Josh Shoemaker
|
0-0: Ball 1-0: Ball 2-0: Fielders Choice at 2nd, 5-4 (Groundball, 56, EV 84.4 MPH)
|
Bottom of the 1st over - 2 runs, 2 hits, 0 errors, 1 left on base; Cleveland (APP) 2 - Texas (APP) 2 |
TOP OF THE 2ND |
Cleveland (APP) Indians batting - Pitching for Texas (APP) Rangers : RHP Bobby Scott
|
Batting: RHB Rob Marti
|
0-0: Ball 1-0: Ball 2-0: Ball 3-0: Called Strike 3-1: Base on Balls
|
Batting: RHB Cruz Castro
|
0-0: DOUBLE (Line Drive, 9LD, EV 103.8 MPH) Rob Marti to third
|
Batting: LHB Mario Garza
|
0-0: Fly out, F8 (Flyball, 78M, EV 91.9 MPH) Runner from 3rd tags up, OUT at HOME! 8-2 Cruz Castro to third
|
Batting: RHB Russ Kennett
|
0-0: Foul Ball, location: 2F 0-1: Called Strike 0-2: Ground out 6-3 (Groundball, 6M, EV 80.0 MPH)
|
Top of the 2nd over - 0 runs, 1 hit, 0 errors, 1 left on base; Cleveland (APP) 2 - Texas (APP) 2 |
BOTTOM OF THE 2ND |
Texas (APP) Rangers batting - Pitching for Cleveland (APP) Indians : LHP Eddy Gonzalez
|
Batting: RHB Pat Martin
|
0-0: DOUBLE (Line Drive, 78D, EV 111.2 MPH)
|
Batting: LHB Bobby Scott
|
0-0: Ball 1-0: Foul Ball, location: 2F 1-1: Foul Ball, location: 2F 1-2: Ball 2-2: SINGLE (Line Drive, 89M, EV 99.4 MPH) Pat Martin to third
|
Batting: RHB Torsten Fisher
|
0-0: Ball 1-0: Foul Ball, location: 2F 1-1: Foul Ball, location: 2F 1-2: Fielders Choice at 2nd, 5-4 (Groundball, 56S, EV 87.5 MPH) Pat Martin scores
|
Batting: SHB Tim Rogers
|
0-0: Called Strike 0-1: Called Strike 0-2: Ball 1-2: Foul Ball, location: 2F 1-2: Ground out 4-3 (Groundball, 4S, EV 76.2 MPH) Torsten Fisher to second
|
Batting: RHB Robert Topete
|
0-0: Ball 1-0: Foul Ball, location: 2F 1-1: Ball Wild Pitch! Torsten Fisher to third 2-1: Ball 3-1: Foul Ball, location: 2F 3-2: Strikes out swinging
|
Bottom of the 2nd over - 1 run, 2 hits, 0 errors, 1 left on base; Cleveland (APP) 2 - Texas (APP) 3 |
TOP OF THE 3RD |
Cleveland (APP) Indians batting - Pitching for Texas (APP) Rangers : RHP Bobby Scott
|
Batting: RHB Quan Tai
|
0-0: Called Strike 0-1: Foul Ball, location: 2F 0-2: Strikes out swinging
|
Batting: RHB Xavier Bartolani
|
0-0: Ball 1-0: Called Strike 1-1: SOLO HOME RUN (Flyball, 78XD, EV 102.5 MPH), Distance : 409 ft
|
Batting: SHB Jack Tierney
|
0-0: Ball 1-0: Ball 2-0: Swinging Strike 2-1: Foul Ball, location: 2F 2-2: Strikes out swinging
|
Batting: RHB Makoto Narita
|
0-0: Foul Ball, location: 2F 0-1: Foul Ball, location: 2F 0-2: Ball 1-2: Foul Ball, location: 2F 1-2: Ball 2-2: SOLO HOME RUN (Flyball, 78XD, EV 108.8 MPH), Distance : 454 ft
|
Batting: SHB Jay Rook
|
0-0: Foul Ball, location: 2F 0-1: Foul Ball, location: 2F 0-2: Ball 1-2: Foul Ball, location: 2F 1-2: Ball 2-2: Ball 3-2: Ground out 4-3 (Groundball, 4D, EV 84.4 MPH)
|
Top of the 3rd over - 2 runs, 2 hits, 0 errors, 0 left on base; Cleveland (APP) 4 - Texas (APP) 3 |
BOTTOM OF THE 3RD |
Texas (APP) Rangers batting - Pitching for Cleveland (APP) Indians : LHP Eddy Gonzalez
|
Batting: RHB Jerry Foster
|
0-0: Ball 1-0: Ball 2-0: Called Strike 2-1: Called Strike 2-2: Fly out, F8 (Flyball, 8LXD, EV 106.2 MPH)
|
Batting: RHB Evan Fry
|
0-0: Called Strike 0-1: Ball 1-1: Called Strike 1-2: Ball 2-2: Ball 3-2: Foul Ball, location: 2F 3-2: Base on Balls
|
Batting: LHB Alex Rivera
|
0-0: Called Strike 0-1: Ball 1-1: Fielders Choice at 2nd, 6-4 (Groundball, 6, EV 88.8 MPH)
|
Batting: RHB Josh Shoemaker
|
0-0: Called Strike 0-1: Ball 1-1: Ball 2-1: Ball 3-1: Base on Balls Alex Rivera to second
|
Batting: RHB Pat Martin
|
0-0: Called Strike 0-1: Swinging Strike 0-2: Foul Ball, location: 2F 0-2: Ball 1-2: Ball 2-2: Ball 3-2: Foul Ball, location: 2F 3-2: Foul Ball, location: 2F 3-2: Base on Balls Alex Rivera to third Josh Shoemaker to second
|
Batting: LHB Bobby Scott
|
0-0: Fly out, F7 (Flyball, 78M, EV 84.4 MPH)
|
Bottom of the 3rd over - 0 runs, 0 hits, 0 errors, 3 left on base; Cleveland (APP) 4 - Texas (APP) 3 |
TOP OF THE 4TH |
Cleveland (APP) Indians batting - Pitching for Texas (APP) Rangers : RHP Bobby Scott
|
Batting: RHB Rob Marti
|
0-0: Ball 1-0: Ball 2-0: SINGLE (Line Drive, 56D, EV 108.8 MPH)
|
Batting: RHB Cruz Castro
|
0-0: Called Strike 0-1: Swinging Strike 0-2: Ball 1-2: Foul Ball, location: 2F 1-2: Strikes out swinging
|
Batting: LHB Mario Garza
|
0-0: Called Strike 0-1: 2-RUN HOME RUN (Flyball, 8RXD, EV 100.6 MPH), Distance : 427 ft
|
Pitching: RHP Jose Vela
|
|
Batting: RHB Russ Kennett
|
0-0: Ball 1-0: Called Strike 1-1: Foul Ball, location: 2F 1-2: Ball 2-2: Foul Ball, location: 2F 2-2: Strikes out looking
|
Batting: RHB Quan Tai
|
0-0: Foul Ball, location: 2F 0-1: SINGLE (Groundball, 6MD, EV 106.2 MPH)
|
Batting: RHB Xavier Bartolani
|
0-0: Ball 1-0: Called Strike Quan Tai is caught stealing 2nd base 2-4
|
Top of the 4th over - 2 runs, 3 hits, 0 errors, 0 left on base; Cleveland (APP) 6 - Texas (APP) 3 |
BOTTOM OF THE 4TH |
Texas (APP) Rangers batting - Pitching for Cleveland (APP) Indians : LHP Eddy Gonzalez
|
Batting: RHB Torsten Fisher
|
0-0: Ground out 4-3 (Groundball, 4, EV 90.6 MPH)
|
Pitching: LHP Eduardo Alvarez
|
|
Batting: SHB Tim Rogers
|
0-0: Ball 1-0: Swinging Strike 1-1: Foul Ball, location: 2F 1-2: Strikes out looking
|
Batting: RHB Robert Topete
|
0-0: SOLO HOME RUN (Flyball, 7LD, EV 100.0 MPH), Distance : 361 ft
|
Batting: RHB Jerry Foster
|
0-0: Foul Ball, location: 2F 0-1: Ball 1-1: Swinging Strike 1-2: Foul Ball, location: 2F 1-2: Ball 2-2: Foul Ball, location: 2F 2-2: Foul Ball, location: 2F 2-2: Ball 3-2: Strikes out swinging
|
Bottom of the 4th over - 1 run, 1 hit, 0 errors, 0 left on base; Cleveland (APP) 6 - Texas (APP) 4 |
TOP OF THE 5TH |
Cleveland (APP) Indians batting - Pitching for Texas (APP) Rangers : RHP Jose Vela
|
Batting: RHB Xavier Bartolani
|
0-0: Ball 1-0: Swinging Strike 1-1: Called Strike 1-2: Foul Ball, location: 2F 1-2: Strikes out swinging
|
Batting: SHB Jack Tierney
|
0-0: Swinging Strike 0-1: Ball 1-1: Swinging Strike 1-2: Foul Ball, location: 2F 1-2: Hit by Pitch
|
Batting: RHB Makoto Narita
|
0-0: Ball 1-0: Ball 2-0: Ball 3-0: Base on Balls Jack Tierney to second
|
Batting: SHB Jay Rook
|
0-0: Ball 1-0: Ball 2-0: Ball Jack Tierney is caught stealing 3rd base 2-5 3-0: Base on Balls Makoto Narita to second
|
Batting: RHB Rob Marti
|
0-0: Swinging Strike 0-1: Ball 1-1: Fly out, F7 (Flyball, 7, EV 95.0 MPH)
|
Top of the 5th over - 0 runs, 0 hits, 0 errors, 2 left on base; Cleveland (APP) 6 - Texas (APP) 4 |
BOTTOM OF THE 5TH |
Texas (APP) Rangers batting - Pitching for Cleveland (APP) Indians : LHP Eduardo Alvarez
|
Batting: RHB Evan Fry
|
0-0: Called Strike 0-1: Called Strike 0-2: Strikes out swinging
|
Batting: LHB Alex Rivera
|
0-0: Ball 1-0: Swinging Strike 1-1: Called Strike 1-2: Strikes out looking
|
Batting: RHB Josh Shoemaker
|
0-0: Called Strike 0-1: Foul Ball, location: 2F 0-2: Strikes out looking
|
Bottom of the 5th over - 0 runs, 0 hits, 0 errors, 0 left on base; Cleveland (APP) 6 - Texas (APP) 4 |
TOP OF THE 6TH |
Cleveland (APP) Indians batting - Pitching for Texas (APP) Rangers : RHP Jose Vela
|
Batting: RHB Cruz Castro
|
0-0: Called Strike 0-1: Foul Ball, location: 2F 0-2: Strikes out swinging
|
Batting: LHB Mario Garza
|
0-0: Ball 1-0: Ball 2-0: Called Strike 2-1: Swinging Strike 2-2: Strikes out looking
|
Batting: RHB Russ Kennett
|
0-0: Swinging Strike 0-1: Called Strike 0-2: Strikes out swinging
|
Top of the 6th over - 0 runs, 0 hits, 0 errors, 0 left on base; Cleveland (APP) 6 - Texas (APP) 4 |
BOTTOM OF THE 6TH |
Texas (APP) Rangers batting - Pitching for Cleveland (APP) Indians : LHP Eduardo Alvarez
|
Batting: RHB Pat Martin
|
0-0: Called Strike 0-1: Swinging Strike 0-2: Ground out 4-3 (Groundball, 4MD, EV 83.1 MPH)
|
Batting: SHB Tyler Romo
|
0-0: Called Strike 0-1: Ball 1-1: Called Strike 1-2: Ball 2-2: Strikes out looking
|
Batting: RHB Torsten Fisher
|
0-0: Ball 1-0: Ball 2-0: Ball 3-0: Called Strike 3-1: Called Strike 3-2: SINGLE (Groundball, 13S, EV 73.1 MPH) (infield hit)
|
Pitching: RHP Conrado Cristina
|
|
Batting: SHB Tim Rogers
|
0-0: Called Strike Torsten Fisher is caught stealing 2nd base 2-6
|
Bottom of the 6th over - 0 runs, 1 hit, 0 errors, 0 left on base; Cleveland (APP) 6 - Texas (APP) 4 |
TOP OF THE 7TH |
Cleveland (APP) Indians batting - Pitching for Texas (APP) Rangers : RHP Jose Vela
|
Batting: RHB Quan Tai
|
0-0: Ball 1-0: Foul Ball, location: 2F 1-1: Swinging Strike 1-2: Strikes out swinging
|
Batting: RHB Xavier Bartolani
|
0-0: Called Strike 0-1: Foul Ball, location: 2F 0-2: Ball 1-2: Ball 2-2: Ball 3-2: Base on Balls
|
Pitching: RHP Ian Wilson
|
|
Batting: SHB Jack Tierney
|
0-0: Called Strike 0-1: Called Strike 0-2: Ball 1-2: Foul Ball, location: 2F 1-2: Foul Ball, location: 2F 1-2: Strikes out swinging
|
Batting: RHB Makoto Narita
|
0-0: Swinging Strike Pickoff Throw to First - Out! 1-3 CS
|
Top of the 7th over - 0 runs, 0 hits, 0 errors, 0 left on base; Cleveland (APP) 6 - Texas (APP) 4 |
BOTTOM OF THE 7TH |
Texas (APP) Rangers batting - Pitching for Cleveland (APP) Indians : RHP Conrado Cristina
|
Batting: SHB Tim Rogers
|
0-0: Foul Ball, location: 2F 0-1: Foul Ball, location: 2F 0-2: Strikes out swinging
|
Batting: RHB Robert Topete
|
0-0: Called Strike 0-1: Ball 1-1: Ball 2-1: Ball 3-1: Base on Balls
|
Batting: RHB Jerry Foster
|
0-0: Foul Ball, location: 2F 0-1: Foul Ball, location: 2F 0-2: Ball 1-2: Foul Ball, location: 2F 1-2: Fielders Choice at 2nd, 6-4 (Groundball, 6, EV 85.6 MPH)
|
Batting: RHB Evan Fry
|
0-0: Called Strike Jerry Foster is caught stealing 2nd base 2-4
|
Bottom of the 7th over - 0 runs, 0 hits, 0 errors, 0 left on base; Cleveland (APP) 6 - Texas (APP) 4 |
TOP OF THE 8TH |
Cleveland (APP) Indians batting - Pitching for Texas (APP) Rangers : RHP Ian Wilson
|
Batting: RHB Makoto Narita
|
0-0: Called Strike 0-1: Ball 1-1: Ball 2-1: SINGLE (Groundball, 56D, EV 98.1 MPH)
|
Batting: SHB Jay Rook
|
0-0: Foul Ball, location: 2F 0-1: Called Strike 0-2: Ball 1-2: Strikes out swinging
|
Batting: RHB Rob Marti
|
0-0: Called Strike 0-1: Swinging Strike 0-2: Strikes out looking
|
Batting: RHB Cruz Castro
|
0-0: Ball 1-0: SINGLE (Groundball, 56S, EV 65.0 MPH) (infield hit) Makoto Narita to second
|
Batting: LHB Mario Garza
|
0-0: Swinging Strike 0-1: Ball 1-1: Called Strike 1-2: Foul Ball, location: 2F 1-2: Strikes out swinging
|
Top of the 8th over - 0 runs, 2 hits, 0 errors, 2 left on base; Cleveland (APP) 6 - Texas (APP) 4 |
BOTTOM OF THE 8TH |
Texas (APP) Rangers batting - Pitching for Cleveland (APP) Indians : RHP Conrado Cristina
|
Batting: RHB Evan Fry
|
0-0: Called Strike 0-1: Ball 1-1: Ground out U3 (Groundball, 34, EV 87.5 MPH)
|
Pitching: LHP Jim Longley
|
|
Batting: LHB Alex Rivera
|
0-0: Ball 1-0: Called Strike 1-1: Ball 2-1: Swinging Strike 2-2: Ball 3-2: Foul Ball, location: 2F 3-2: Base on Balls
|
Pitching: RHP Phil Kessler
|
|
Batting: RHB Josh Shoemaker
|
0-0: Ball 1-0: Ball 2-0: Foul Ball, location: 2F 2-1: Called Strike 2-2: Strikes out swinging
|
Batting: RHB Pat Martin
|
0-0: Ball 1-0: Foul Ball, location: 2F 1-1: Fly out, F8 (Flyball, 8LM, EV 76.2 MPH)
|
Bottom of the 8th over - 0 runs, 0 hits, 0 errors, 1 left on base; Cleveland (APP) 6 - Texas (APP) 4 |
TOP OF THE 9TH |
Cleveland (APP) Indians batting - Pitching for Texas (APP) Rangers : RHP Ian Wilson
|
Batting: RHB Russ Kennett
|
0-0: Foul Ball, location: 2F 0-1: Swinging Strike 0-2: Strikes out swinging wild pitch, reaches first!
|
Batting: RHB Quan Tai
|
0-0: Bunted foul 0-1: Sac Bunt to 15S - play at first, batter OUT! 1-3 Russ Kennett to second
|
Batting: RHB Xavier Bartolani
|
0-0: Called Strike 0-1: Ball 1-1: Ball 2-1: Foul Ball, location: 2F 2-2: Ground out 5-3 (Groundball, 5, EV 90.6 MPH)
|
Batting: SHB Jack Tierney
|
0-0: Foul Ball, location: 2F 0-1: Called Strike 0-2: Ball 1-2: Ball 2-2: Foul Ball, location: 2F 2-2: Foul Ball, location: 2F 2-2: Ball 3-2: Base on Balls
|
Batting: RHB Makoto Narita
|
0-0: Called Strike 0-1: Foul Ball, location: 2F 0-2: Ball 1-2: Strikes out looking
|
Top of the 9th over - 0 runs, 0 hits, 0 errors, 2 left on base; Cleveland (APP) 6 - Texas (APP) 4 |
BOTTOM OF THE 9TH |
Texas (APP) Rangers batting - Pitching for Cleveland (APP) Indians : RHP Phil Kessler
|
Pitching: LHP Sam Johnson
|
|
Batting: RHB Ron Squires
|
0-0: Ball 1-0: Called Strike 1-1: Ball 2-1: Fly out, F8 (Flyball, 8RXD, EV 100.0 MPH)
|
Pinch Hitting: SHB Albert Ortiz
|
0-0: Ball 1-0: Called Strike 1-1: Ball 2-1: Fly out, F8 (Flyball, 8RM, EV 96.2 MPH)
|
Batting: SHB Tim Rogers
|
0-0: Foul Ball, location: 2F 0-1: DOUBLE (Line Drive, 7LS, EV 90.0 MPH)
|
Batting: RHB Robert Topete
|
0-0: Foul Ball, location: 2F 0-1: Ball 1-1: Called Strike 1-2: Ball 2-2: Ground out 1-3 (Groundball, 13, EV 70.0 MPH)
|
Bottom of the 9th over - 0 runs, 1 hit, 0 errors, 1 left on base; Cleveland (APP) 6 - Texas (APP) 4 |
|